 Dungeon Crawl Stone Soup version 0.23.2-1-ga50397a (webtiles) character file.

Game seed: 4116650965441200354

14 dvd the Stinger (level 2, -3/15 HPs)
             Began as a Deep Elf Venom Mage on May 1, 2019.
             Killed from afar by Terence (4 damage)
             ... with a wand of flame (17)
             ... on level 2 of the Dungeon.
             The game lasted 00:01:42 (1132 turns).

dvd the Stinger (Deep Elf Venom Mage)               Turns: 1132, Time: 00:01:43

Health: -3/15      AC:  2    Str:  5    XL:     2   Next: 27%
Magic:  3/8        EV: 13    Int: 19    God:
Gold:   12         SH:  0    Dex: 15    Spells: 4/7 levels left

rFire    + . .     SeeInvis .   h - +0 short sword
rCold    . . .     Gourm    .   (no shield)
rNeg     . . .     Faith    .   a - +0 robe
rPois    .         Spirit   .   (no helmet)
rElec    .         Reflect  .   (no cloak)
rCorr    .         Harm     .   (no gloves)
MR       .....                  (no boots)
Stlth    ++........             (no amulet)
HPRegen  0.05/turn              i - ring of protection from fire
MPRegen  0.11/turn              (no ring)

@: very slightly contaminated
A: no striking features
a: no special abilities


You were on level 2 of the Dungeon.
You were hungry.

You visited 1 branch of the dungeon, and saw 2 of its levels.

You collected 12 gold pieces.

Inventory:

Hand Weapons
 h - a +0 short sword (weapon)
Armour
 a - a +0 robe (worn)
Jewellery
 i - a ring of protection from fire (left hand)
Scrolls
 d - 3 scrolls of remove curse {unknown}
 e - a scroll of identify {unknown}
Potions
 b - a potion of magic {unknown}
 f - a potion of invisibility {unknown}
 g - a potion of might {unknown}
Comestibles
 c - 3 rations


   Skills:
 + Level 2.4 Dodging
 + Level 2.7 Stealth
 + Level 3.2 Spellcasting
 + Level 1.1 Conjurations
 + Level 3.8 Poison Magic


You had 4 spell levels left.
You knew the following spells:

 Your Spells              Type           Power        Failure   Level  Hunger
a - Sting                 Conj/Pois      ##..         5%          1    None
b - Poisonous Vapours     Pois/Air       ##....       11%         2    ##.....

Your spell library contained the following spells:

 Spells                   Type           Power        Failure   Level  Hunger
 Mephitic Cloud           Conj/Pois/Air  #.......     22%         3    ###....
 Olgreb's Toxic Radiance  Pois           ###.....     30%         4    ####...
 Venom Bolt               Conj/Pois      ##........   83%         5    ######.


Dungeon Overview and Level Annotations

Branches:
Dungeon (2/15)

Altars:

Annotations:
D:2 Terence


Message History

Confirm with . or Enter, or press ? or * to list all spells.
Aiming: Poisonous Vapours (safe; 11% risk of failure)
Press: ? - help, Dir - move target cursor, f/p - Terence
Aim: Terence, wielding a +0 short sword, wearing a cursed +0 chain mail and carrying a wand of flame (19) (heavily wounded, poisoned) Poisonous vapours surround Terence!
Terence looks more healthy.
Terence zaps a wand.
The puff of flame hits you. You resist.
Casting: Poisonous Vapours (safe; 11% risk of failure)
Confirm with . or Enter, or press ? or * to list all spells.
Aiming: Poisonous Vapours (safe; 11% risk of failure)
Press: ? - help, Dir - move target cursor, f/p - Terence
Aim: Terence, wielding a +0 short sword, wearing a cursed +0 chain mail and carrying a wand of flame (18) (heavily wounded)
You miscast Poisonous Vapours.
You are very lightly contaminated with residual magic.
You feel faint for a moment.
Terence zaps a wand.
The puff of flame hits you. You resist.
* * * LOW HITPOINT WARNING * * *
Unknown command.
Terence zaps a wand.
The puff of flame hits you. You resist.
You die...

##############
#...†........# #
#)###.#####..###.. #.# #.#
#........# #.# #.#
#@#####.## ########.# #.#
#.# #.## .........# #.#
#.# #.. ########## #.# #@#
#.# #.# #.#####.#
###.#####.# #.......###
#.........#####(.........#
..#.#####.......#######.##
#.#####.#


You could see Terence.

Vanquished Creatures
  A leopard gecko (D:1)
  3 bats
  A giant cockroach (D:1)
  A goblin (D:2)
  A hobgoblin (D:2)
  A frilled lizard (D:2)
  2 kobolds
  A rat (D:1)
11 creatures vanquished.

Notes
Turn   | Place    | Note
-------+----------+-------------------------------------------
     0 | D:1      | dvd the Deep Elf Venom Mage began the quest for the Orb.
     0 | D:1      | Reached XP level 1. HP: 10/10 MP: 6/6
   927 | D:2      | Reached XP level 2. HP: 14/15 MP: 2/8
   948 | D:2      | Learned a level 2 spell: Poisonous Vapours
  1100 | D:2      | Noticed Terence
  1132 | D:2      | Killed from afar by Terence

Action                   || total
-------------------------++-------
Melee: Short sword       ||     1
 Cast: Sting             ||    15
       Poisonous Vapours ||     6
Armor: Robe              ||     2
Dodge: Dodged            ||     3
